 Dungeon Crawl Stone Soup version 0.28-a0-628-g3c9886e45e (webtiles) character file.

Game seed: 5595384104546459648

166 rogsnak the Gusty (level 5, -5/35 HPs)
             Began as a Barachi Air Elementalist on Oct 8, 2021.
             Slain by Natasha (7 damage)
             ... on level 2 of the Dungeon.
             The game lasted 00:06:18 (2061 turns).

rogsnak the Gusty (Barachi Air Elementalist)        Turns: 2061, Time: 00:06:18

Health: -5/35      AC:  0    Str: 10    XL:     5   Next: 47%
Magic:  2/10       EV: 20    Int: 16    God:
Gold:   104        SH:  0    Dex: 17    Spells: 3/11 levels left

rFire   . . .      SeeInvis .   (weapon currently unavailable)
rCold   . . .      Faith    .   (shield currently unavailable)
rNeg    . . .      Spirit   .   (armour currently unavailable)
rPois   .          Reflect  .   (helmet currently unavailable)
rElec   .          Harm     .   (cloak currently unavailable)
rCorr   .          Rampage  .   (gloves currently unavailable)
Will    .....                   (boots currently unavailable)
Stlth   ++........              (no amulet)
HPRegen 0.11/turn               (ring currently unavailable)
MPRegen 0.12/turn               (ring currently unavailable)

@: bat-form, flying, slowed, quick
A: fast, flying, no casting, (amphibious), tiny, (slowness 1), (strong legs 1),
+LOS
a: no special abilities


You were on level 2 of the Dungeon.
You were a bat.
You visited 1 branch of the dungeon, and saw 3 of its levels.

You collected 104 gold pieces.

Inventory:

Hand Weapons
 d - a +0 spear (melded)
 j - a +0 flail
Missiles
 f - 53 stones
 h - 40 arrows
Armour
 a - a +0 robe (melded)
 i - a +2 pair of gloves
Scrolls
 c - a scroll of fog {unknown}
 e - 4 scrolls of identify {unknown}
 k - a scroll of blinking {unknown}
 l - a scroll of fear {unknown}
Potions
 b - a potion of curing {unknown}
 g - a potion of might {unknown}


   Skills:
 + Level 0.2 Fighting
 + Level 2.7 Dodging
 - Level 2.0 Stealth
 + Level 3.6 Spellcasting
 + Level 2.3 Conjurations
 + Level 4.8 Air Magic


You had 3 spell levels left.
You knew the following spells:

 Your Spells              Type           Power      Damage    Failure   Level
a - Shock                 Conj/Air       56%        1d6       4%          1
b - Swiftness             Air            18%        N/A       8%          3
c - Airstrike             Air            9%         N/A       24%         4

Your spell library contained the following spells:

 Spells                   Type           Power      Damage    Failure   Level
 Static Discharge         Conj/Air       14%        N/A       6%          2
 Call Canine Familiar     Summ           2%         N/A       47%         3
 Portal Projectile        Hex/Tloc       4%         N/A       47%         3
 Leda's Liquefaction      Hex/Erth       1%         N/A       87%         4


Dungeon Overview and Level Annotations

Branches:
Dungeon (3/15)

Altars:

Annotations:
D:2 Natasha


Innate Abilities, Weirdness & Mutations

You are a bat.
You are tiny and dextrous.
You move quickly.
You are flying.
Your equipment is almost entirely melded.
You are incapable of wielding weapons or throwing items.
You cannot cast spells.
((You are amphibious.))
((You cover ground slowly.))
((You can hop short distances.))
You have an extended range of vision and can be seen from far away.


Message History

You hit Natasha but do no damage.
Natasha is almost dead.
Natasha stares at you and mumbles some strange words.
The magic dart hits you.
You barely miss Natasha.
Natasha is almost dead.
Natasha claws you.
* * * LOW HITPOINT WARNING * * *
Natasha wildly gestures.
You feel disoriented. Natasha misses you.
You hit Natasha but do no damage.
Natasha is almost dead.
Natasha completely misses you.
Unknown command.
You barely miss Natasha.
Natasha is almost dead.
Natasha stares at you and mumbles some strange words.
The magic dart hits you!
* * * LOW HITPOINT WARNING * * *
Unknown command.
You aren't carrying any items that you can evoke.
Unknown command.
You hit Natasha.
Natasha is almost dead.
Natasha completely misses you.
Natasha casts a spell.
Unknown command.
You barely miss Natasha.
Natasha is almost dead.
Natasha closely misses you.
Unknown command.
You hit Natasha but do no damage.
Natasha is almost dead.
Natasha closely misses you. The shadow imp barely misses you.
Unknown command.
You hit Natasha but do no damage.
Natasha is almost dead.
Natasha claws you!
You die...

#....##..# ####...
#..## ##.####...#.
h #.. #..##..####
.. #. ##.#..#####
.. # #.........
###. ###†######
....## #####..#
#>..#######.....##
#....hb....>#####
#....5..)..##
#.......†.##
#.........#
#.........#
#.........#
#.........#
#.........#
###########


You could see Natasha and a shadow imp (summoned).

Vanquished Creatures
  A sky beast (D:3)
  A gnoll (D:3)
  3 adders
  A worm (D:3)
  A dart slug (D:3)
  An orc (D:3)
  3 ball pythons (D:3)
  An endoplasm (D:2)
  4 giant cockroaches
  7 goblins (D:2)
  A hobgoblin (D:2)
  3 jackals (D:1)
  2 quokkas (D:1)
  2 bats (D:1)
  4 rats
35 creatures vanquished.

Notes
Turn   | Place    | Note
-------+----------+-------------------------------------------
     0 | D:1      | rogsnak the Barachi Air Elementalist began the quest for
                  | the Orb.
     0 | D:1      | Reached XP level 1. HP: 13/13 MP: 3/3
   198 | D:1      | Found a faded altar of an unknown god.
   292 | D:1      | Reached XP level 2. HP: 18/19 MP: 3/5
   413 | D:1      | You fall into a shaft and drop 1 floor!
   821 | D:3      | Reached skill level 4 in Air Magic
   821 | D:3      | Reached XP level 3. HP: 23/24 MP: 2/7
   932 | D:3      | Learned a level 3 spell: Swiftness
  1438 | D:3      | Reached XP level 4. HP: 30/30 MP: 4/8
  1477 | D:3      | Learned a level 4 spell: Airstrike
  1706 | D:3      | Noticed a sky beast
  1752 | D:3      | Killed a sky beast
  1753 | D:3      | Reached XP level 5. HP: 28/35 MP: 0/10
  1913 | D:2      | Noticed Natasha
  2057 | D:2      | HP: 1/35 [Natasha/magic dart (9)]
  2061 | D:2      | Slain by Natasha

Illustrated notes

Levels and vault maps discovered:
D:1:      wander_arrival_fairy_ring, layout_loops_ring,
          shapermc_ecumenical_altar_notcrosses
D:2:      layout_rooms, supply_closet_lemuel, minmay_goblin_outpost,
          uniq_natasha
D:3:      layout_basic, grunt_decor_mini_mirrors,
          wander_ebering_terrifying_dragon_lair

Skill      XL: |  1  2  3  4 |
---------------+-------------+-----
Stealth        | 2 |  2.0
Air Magic      | 4 |  4.8
Spellcasting   | 3 |  3.6
Conjurations   | 2 |  2.3
Fighting       | |  0.2
Dodging        | |  2.7

Action                   |  1- 3 |  4- 6 || total
-------------------------+-------+-------++-------
Melee: Spear             |    23 |     9 ||    32
       Unarmed           |       |    11 ||    11
 Cast: Shock             |    63 |    24 ||    87
       Airstrike         |       |     2 ||     2
 Abil: Hop               |     1 |     1 ||     2
Armor: Robe              |    11 |     1 ||    12
Dodge: Dodged            |    18 |    21 ||    39

Table legend: (Time is in decaauts)
 A = Elapsed time spent in this place.
 B = Non-inter-level travel time spent in this place.
 C = Inter-level travel time spent in this place.
 D = Time resting spent in this place.
 E = Time spent auto-exploring this place.
 F = Levels seen in this place.
 G = Mean time per level.
                   A        B        C        D        E       F      G
               +--------+--------+--------+--------+--------+-----+--------+
         Total |   2236 |   2236 |      0 |    922 |    594 |   3 |  745.3 |
       Dungeon |   2236 |   2236 |      0 |    922 |    594 |   3 |  745.3 |
               +--------+--------+--------+--------+--------+-----+--------+

Top non-repeatable levels by time:
     D:3: 1244 daAuts
     D:2: 542 daAuts
     D:1: 450 daAuts
